Get step-by-step instructions on how to execute this build order below. Start the game timer, and the build order will tick by so you can play in parallel with StarCraft on a second screen or mobile device.

Game Time

  0:00

Last Step

  N/A

Next Step

  12  0:03  Drone  

Upcoming Step

  13  0:08  Drone  

Don't want to look back and forth between 2 screens? Try out our Overwolf App, the Spawning Tool Build Advisor to get an in-game overlay with this build!

Complete Build Order

  12  0:03  Drone  
  13  0:08  Drone  
  14  0:36  Hatchery  
  13  1:01  Drone, Spawning Pool, Overlord  
  13  1:06  Drone  
  13  1:09  Extractor  
  13  1:17  Drone  
  15  1:32  Drone  
  15  1:48  Queen  
  15  1:52  Drone  
  15  1:53  Zergling x4  
  20  1:59  Overlord  
  20  2:01  Drone  
  21  2:18  Metabolic Boost  
  21  2:26  Drone x2  
  21  2:28  Zergling x6  
  26  2:39  Drone  
  26  2:41  Queen  
  29  2:49  Roach Warren  
  28  2:51  Zergling x2  
  28  2:55  Drone  
  28  2:58  Drone  
  31  3:07  Drone x3  
  34  3:16  Overlord  
  34  3:17  Zergling x2  
  35  3:25  Drone  
  36  3:27  Overlord  
  36  3:30  Overlord  
  36  3:40  Zergling x2  
  36  3:41  Zergling x2  
  35  3:42  Zergling x4  
  35  3:50  Zergling x6  
  36  4:02  Spine Crawler  
  35  4:03  Spine Crawler  
  35  4:05  Zergling x2  
  35  4:12  Zergling x2  
  36  4:20  Roach  
  36  4:21  Roach  
  35  4:43  Zergling x4  
  35  4:45  Roach x5  
  43  4:58  Roach x2  
  43  4:59  Drone x2  
  49  5:04  Queen  
  51  5:15  Roach  
  51  5:16  Drone  
  54  5:23  Roach  
  54  5:24  Baneling Nest  
  54  5:25  Drone  
  56  5:32  Drone  
  56  5:33  Roach  
  59  5:50  Overlord x2  
  59  6:00  Hatchery, Lair  
  58  6:04  Roach  
  58  6:08  Baneling x4  
  58  6:09  Baneling x2  
  60  6:13  Zergling x4  
  60  6:14  Drone  
  60  6:16  Drone  
  64  6:21  Drone  
  64  6:22  Extractor  
  64  6:24  Roach  
  57  6:44  Drone  
  57  6:46  Zergling x2, Roach  
  57  6:47  Zergling x2  
  61  7:03  Roach  
  62  7:09  Drone x2  
  62  7:10  Roach  
  65  7:35  Roach x2  
  65  7:40  Spine Crawler  
  65  7:42  Spore Crawler  
  65  7:43  Overseer  
  48  7:45  Roach  
  48  7:50  Drone x2  
  48  7:51  Drone x4  
  34  8:16  Spore Crawler  
  34  8:17  Spine Crawler  
  32  8:25  Spine Crawler  
  32  8:26  Drone x3  
  32  8:27  Drone x3  
  36  8:28  Drone x3  
  36  8:32  Spine Crawler  
  36  8:33  Pneumatized Carapace  
  39  8:46  Spore Crawler  
  39  8:47  Drone, Spine Crawler  
  38  8:56  Queen  
  37  9:08  Drone x3  
  38  9:33  Drone x6  
  38  9:35  Drone x2  
  46  9:47  Drone  
  46  9:49  Hydralisk Den  
  46  9:59  Queen  
  48  10:03  Spore Crawler  
  48  10:04  Spore Crawler  
  46  10:13  Spore Crawler  
  45  10:17  Drone x2, Overlord  
  45  10:18  Drone  
  45  10:19  Drone x5  
  53  10:25  Grooved Spines  
  53  10:27  Hydralisk  
  55  10:32  Hydralisk  
  55  10:34  Drone  
  58  10:55  Drone x3  
  54  10:57  Zergling x2, Roach x2  
  57  11:05  Spine Crawler  
  57  11:10  Drone, Spine Crawler  
  57  11:11  Drone x2  
  58  11:24  Roach x3  
  58  11:25  Roach